 Dungeon Crawl Stone Soup version 0.19-a0-805-g0a78ef0 (webtiles) character file.

110 Stormbringer the Insei (level 4, -1/35 HPs)
             Began as a Mummy Monk on June 27, 2016.
             Slain by a centaur (2 damage)
             ... on level 3 of the Dungeon.
             The game lasted 00:05:23 (3235 turns).

Stormbringer the Insei (Mummy Monk)                 Turns: 3235, Time: 00:05:24

Health: -1/35      AC:  1    Str: 14    XL:     4   Next: 61%
Magic:  4/4        EV: 13    Int:  9    God:
Gold:   193        SH:  0    Dex: 15    Spells: 0 memorised, 3 levels left

rFire  x . .     SeeInvis .       - Unarmed
rCold  + . .     Gourm    .     (no armour)
rNeg   + + +     Faith    .     (no shield)
rPois  ∞         Spirit   .     (no helmet)
rElec  .         Dismiss  .     (no cloak)
rCorr  .         Reflect  .     e - +0 pair of gloves
SustAt .         Harm     .     (no boots)
MR     .....                    (no amulet)
Stlth  ++........               (no ring)
                                (no ring)

@: not resistant to hostile enchantments, unstealthy
A: no food or potions, fire vulnerability, cold resistance 1, negative energy
resistance 3, torment resistance, unbreathing
a: no special abilities


You were on level 3 of the Dungeon.
You were not hungry.

You visited 1 branch of the dungeon, and saw 3 of its levels.

You collected 193 gold pieces.


Innate Abilities, Weirdness & Mutations

You do not eat or drink.
Your flesh is vulnerable to fire.
You are immune to poison.
Your flesh is cold resistant. (rC+)
You are immune to negative energy. (rN+++)
You are immune to unholy pain and torment.
You can survive without breathing.


   Skills:
 - Level 3.0 Fighting
 + Level 3.0 Dodging
 - Level 1.5 Stealth
 - Level 4.0 Unarmed Combat


You had 3 spell levels left.
You didn't know any spells.

Inventory:

Armour
 e - a +0 pair of gloves (worn)
Scrolls
 a - a scroll of enchant armour
 b - 2 scrolls of enchant weapon
 f - a scroll of recharging

Dungeon Overview and Level Annotations

Branches:
Dungeon (3/15)

Altars:
Cheibriados
Gozag
Ru

....?....▒ .▒▒▒
▒▒▒▒.......▒ ....
▒...c(.....▒ ▒▒▒▒
▒.▒▒..▒.▒▒.▒ ▒.▒▒..▒.▒
▒▒▒
▒.▒▒....▒▒.▒.....▒..
▒.▒▒▒.▒.▒▒.▒.....▒.▒
▒.▒▒▒.▒.▒▒.▒.....▒.▒
▒bcM.......▒.....▒.▒
▒▒▒▒...............▒
▒..▒▒▒▒..▒▒.▒▒..▒
▒..▒▒▒▒..▒▒......
▒..▒.....[...▒.▒.
▒▒▒..▒.▒▒.)▒▒▒.....
▒......▒▒....>...▒.
▒.▒.......▒▒.......
▒▒▒▒▒.▒▒.▒.▒▒▒▒▒▒.▒▒▒▒.


You could see a centaur and a bat.


Message History

The bat barely misses you! The bat closely misses you! x2
The bat misses you!
As you read the scroll labeled NOAJERH UJIAS, it crumbles to dust!
It is a scroll of identify!
f - a scroll of recharging The bat hits you!
The bat closely misses you!
As you read the scroll of identify {@r1}, it crumbles to dust!
a - a scroll of enchant armour The centaur unwields an uncursed shortbow!
The centaur closely misses you! The centaur misses you!
As you read the scroll of identify {@r1}, it crumbles to dust!
b - 2 scrolls of enchant weapon The centaur misses you!
You beat the centaur but do no damage!
The centaur hits you! * * * don't die
* * * The centaur closely misses you!
You beat the centaur but do no damage!
The centaur hits you!!! * * * don't die
* * *
As you read the scroll labeled UMPUEC ITI NEC, it crumbles to dust!
You feel blessed for a moment!
It was a scroll of remove curse!
The centaur hits you! * * * don't die
* * * You pulverise the centaur!
The centaur is lightly wounded!
The centaur closely misses you! The centaur completely misses you!
You pulverise the centaur!
The centaur is moderately wounded!
The centaur hits you! rip

Action                   |  1- 3 |  4- 6 || total
-------------------------+-------+-------++-------
Melee: Unarmed           |   100 |    87 ||   187
       Punch             |     5 |     4 ||     9
  Use: Scroll            |       |     4 ||     4
 Stab: Sleeping          |     6 |     1 ||     7
Armor: Skin              |     9 |    10 ||    19
Dodge: Dodged            |    77 |    75 ||   152

Vault maps used:
D:1:      ncdulo_wetmaze, minmay_misc_feat_encased
D:2:      gammafunk_temple_overflow_statue, first_bread, dk_noncrumbling_4,
          serial_bayou_lake_a
D:3:      overflow_temple_1_default

Notes
Turn   | Place    | Note
--------------------------------------------------------------
     0 | D:1      | Stormbringer the Mummy Monk began the quest for the Orb.
     0 | D:1      | Reached XP level 1. HP: 18/18 MP: 1/1
   132 | D:1      | Reached XP level 2. HP: 12/24 MP: 2/2
   300 | D:1      | Reached skill level 3 in Unarmed Combat
   826 | D:1      | Reached XP level 3. HP: 13/29 MP: 3/3
  1543 | D:2      | Found a snail-covered altar of Cheibriados.
  1545 | D:2      | Found a sacrificial altar of Ru.
  1991 | D:2      | Reached skill level 4 in Unarmed Combat
  1991 | D:2      | Reached XP level 4. HP: 16/35 MP: 4/4
  3029 | D:3      | Reached skill level 3 in Dodging
  3140 | D:3      | Found an opulent altar of Gozag.
  3216 | D:3      | Noticed a centaur
  3233 | D:3      | HP: 1/35 [centaur (6)]
  3235 | D:3      | Slain by a centaur

Vanquished Creatures
  A gnoll (D:1)
  2 adders (D:2)
  2 oozes
  4 dart slugs
  A giant gecko (D:3)
  7 orcs
  2 ball pythons
  10 bats
  3 giant cockroaches
  7 goblins
  3 hobgoblins
  7 kobolds
  A quokka (D:2)
  2 giant newts
  2 rats
54 creatures vanquished.
